 Dungeon Crawl Stone Soup version 0.31.0-12-g77e489cdc1 (webtiles) character file.

Game seed: 16962857496865457053

3371 Fickle the Fighter (level 10, -11/56 HPs)
             Began as a Vine Stalker Brigand on Mar 4, 2024.
             Was a Priest of Okawaru.
             Mangled by an orc warlord
             ... wielding a +6 broad axe
              (18 damage)
             ... in a bailey.
             The game lasted 00:11:32 (6299 turns).

Fickle the Fighter (Vine Stalker Brigand)           Turns: 6299, Time: 00:11:32

Health: -11/56     AC: 11    Str: 16    XL:     10   Next: 3%
Magic:  0/16       EV: 15    Int: 11    God:    Okawaru [***...]
Gold:   364        SH:  5    Dex: 23    Spells: 9/9 levels left

rFire   . . .        i - +0 whip (drain)
rCold   + . .        (no shield)
rNeg    + . .        J - +2 ring mail of the Other Side {Dex+5}
rPois   .            s - +0 helmet
rElec   .            c - +0 cloak
rCorr   .            (no gloves)
SInv    .            x - +0 pair of boots
Will    +....        I - amulet of reflection
Stlth   ++++         N - ring of positive energy
HPRegen 1.09/turn    C - ring of protection from cold
MPRegen 0.15/turn

%: reflection, guardian spirit
@: heroic, hasted (expiring), very quick
A: fangs 3, regeneration 1, magic shield, antimagic bite, no potion heal 2
a: Renounce Religion, Heroism


You were in a bailey.
You worshipped Okawaru.
Okawaru was most pleased with you.
You visited 1 branch of the dungeon, and saw 7 of its levels.
You also visited: Sewer and Bailey.

You collected 364 gold pieces.


Innate Abilities, Weirdness & Mutations

You have razor-sharp teeth.
Your natural rate of healing is unusually fast.
When hurt, damage is shared between your health and your magic reserves.
Your bite disrupts and absorbs the magic of your enemies.
Potions cannot restore your health.


   Skills:
 - Level 8.0(13.0) Fighting
 - Level 1.7(6.7) Short Blades
 + Level 7.6(12.6) Maces & Flails
 - Level 1.7(6.7) Throwing
 - Level 0.7(5.7) Dodging
 - Level 4.8(9.8) Stealth
 - Level 7.0 Invocations


You had 9 spell levels left.
You didn't know any spells.
Your spell library contained the following spells:

 Spells                   Type           Power      Damage    Failure   Level
 Necrotise                Necr           0%         1d4       54%         1
 Ensorcelled Hibernation  Hex/Ice        0%         N/A       67%         2
 Passwall                 Erth           0%         N/A       88%         3
 Swiftness                Air            0%         N/A       88%         3
 Vampiric Draining        Necr           0%         2d6       88%         3
 Curse of Agony           Necr           0%         N/A       100%        5
 Martyr's Knell           Necr/Summ      Unusable   N/A       N/A         4

Inventory:

Hand Weapons
 a - a +2 dagger
 i - a +0 whip of draining (weapon)
 H - a +0 lajatang
Missiles
 d - 21 poisoned darts
 e - a curare-tipped dart (quivered) {=f}
Armour
 c - a +0 cloak (worn)
 s - a +0 helmet (worn)
 x - a +0 pair of boots (worn)
 J - the +2 ring mail of the Other Side (worn) {Dex+5}
   (You found it on level 6 of the Dungeon)

   Dex+5:     It affects your dexterity (+5).
Jewellery
 v - a ring of see invisible
 C - a ring of protection from cold (right hand)
 I - an amulet of reflection (around neck)
 N - a ring of positive energy (left hand)
Scrolls
 g - a scroll of torment {unknown}
 k - a scroll of teleportation {unknown}
 q - a scroll of vulnerability {unknown}
 r - 3 scrolls of enchant armour {unknown}
 t - 4 scrolls of amnesia
 y - a scroll of revelation {unknown}
 z - a scroll of poison {unknown}
 A - 2 scrolls of fear {unknown}
 B - a scroll of immolation {unknown}
 D - a scroll of acquirement {unknown}
 E - a scroll of noise {unknown}
 F - a scroll of fog {unknown}
Potions
 f - a potion of resistance
 h - 2 potions of heal wounds {@q2}
 m - a potion of might {unknown}
 n - a potion of brilliance
 o - a potion of cancellation
 p - 4 potions of curing {@q1}
 u - 2 potions of mutation
 G - 2 potions of enlightenment

Dungeon Overview and Level Annotations

Branches:
Dungeon (7/15)              Sewer (visited)          Bailey (1/1)
 Temple: D:4-7

Altars:
Cheibriados
Dithmenos
Elyvilon
Hepliaklqana
Makhleb
Nemelex Xobeh
Okawaru
Vehumet
Xom

Shops:
D:4

: ▒.......▒ .......▒▒
▒▒.......▒▒ .......o▒
▒..o......▒ ........▒▒
▒▒.........▒▒
...⌠....g▒▒▒▒▒▒▒..)).⌠.....▒
........▒▒.....▒▒).)......▒▒
........▒.......▒.........▒
.......▒▒.).....▒▒g......▒▒
.......').......@og......▒
▒.....▒▒.........▒▒.....▒▒
▒▒▒▒▒▒▒...).⌠.....▒▒▒▒▒▒▒
▒▒.........▒▒ ▒.........▒
▒▒.......▒▒ ▒.......▒
▒▒.....▒▒ ♣▒▒'''▒▒♣


You could see an orc warlord (very poisoned, slow, very drained), a gnoll and a
hobgoblin.


Message History

The orc warlord is severely wounded.
Unknown command.
You hit the orc warlord but do no damage.
You drain the orc warlord.
The orc warlord is severely wounded.
Unknown command.
You closely miss the orc warlord. You punch the orc warlord.
You bite the orc warlord, but do no damage.
The orc warlord is severely wounded.
Your extra speed is starting to run out.
The orc warlord hits you with a +6 broad axe!!
* * * LOW HITPOINT WARNING * * *
Unknown command.
You closely miss the orc warlord. Your bite misses the orc warlord.
The orc warlord is severely wounded.
Unknown command.
You hit the orc warlord but do no damage.
You punch the orc warlord.
You bite the orc warlord, but do no damage.
The orc warlord is severely wounded.
Unknown command.
You hit the orc warlord but do no damage.
Your bite misses the orc warlord.
The orc warlord is severely wounded.
Unknown command.
You hit the orc warlord but do no damage.
You drain the orc warlord.
The orc warlord is almost dead.
The orc warlord hits you with a +6 broad axe!!
You die...

Skill      XL: |  1  2  3  4  5  6  7  8  9 |
---------------+----------------------------+-----
Fighting       | 2 3 6 8 |  8.0
Maces & Flails | 2 3 4 5 7 |  7.6
Invocations    | 2 3 6 7 |  7.0
Short Blades   | |  1.7
Throwing       | |  1.7
Dodging        | |  0.7
Stealth        | |  4.8

Action                     |  1- 3 |  4- 6 |  7- 9 | 10-12 || total
---------------------------+-------+-------+-------+-------++-------
  Melee: Dagger            |    75 |    14 |       |       ||    89
         Bite              |    16 |    56 |   173 |    23 ||   268
         Whip              |       |   177 |   468 |    41 ||   686
         Punch             |       |     2 |     3 |     4 ||     9
  Throw: Dart              |       |       |       |     2 ||     2
 Invoke: Heroism           |       |       |     3 |     1 ||     4
         Finesse           |       |       |       |     1 ||     1
    Use: Potion            |       |       |     2 |     1 ||     3
         Scroll            |       |       |     6 |       ||     6
   Stab: Sleeping          |     8 |     8 |       |       ||    16
         Distracted        |       |     1 |       |       ||     1
 Armour: Robe              |    44 |    33 |       |       ||    77
         Scale mail        |       |    83 |   244 |       ||   327
         Ring mail         |       |       |   110 |     9 ||   119
  Dodge: Dodged            |    37 |    83 |   230 |    16 ||   366
  Block: Other             |       |       |    31 |     3 ||    34
         Reflection        |       |       |     2 |       ||     2

Levels and vault maps discovered:
D:1:      amcnicky_arrival_flooded_fountain, layout_loops_ring
D:2:      layout_loops_ring, minmay_strange_pillars
D:3:      layout_rooms, cheibriados_altar_1, mainiacjoe_overflow_two_lobes,
          bloody_makhleb, chequers_temple_overflow_statue_of_worship,
          uniq_terence
D:4:      layout_loops_ring, serial_shops, shop_coins, nicolae_zen_rock_garden,
          corexii_checkpoint
D:5:      layout_loops_corners, cheibrodos_sewer_entry_bend, minmay_holes
D:6:      layout_loops_corners, mainiacjoe_overflow_surrounded_room, nrook_uturn
D:7:      layout_layer_cave, minmay_temple_entry_statues_fountains,
          enter_bailey_5, grunt_decor_junction
Bailey:   bailey_axe_minmay_hex_keep, bailey

Notes
Turn   | Place    | Note
-------+----------+-------------------------------------------
     0 | D:1      | Fickle the Vine Stalker Brigand began the quest for the
                  | Orb.
     0 | D:1      | Reached XP level 1. HP: 11/11 MP: 2/2
    22 | D:1      | Reached skill level 2 in Fighting
   144 | D:1      | Reached XP level 2. HP: 16/16 MP: 3/3
   508 | D:1      | Reached skill level 3 in Fighting
   638 | D:2      | Reached XP level 3. HP: 20/20 MP: 4/4
   669 | D:2      | Reached skill level 1 in Maces & Flails
   866 | D:2      | Reached skill level 2 in Maces & Flails
   866 | D:2      | Reached XP level 4. HP: 17/24 MP: 1/5
  1326 | D:3      | Found a radiant altar of Vehumet.
  1326 | D:3      | Found a white marble altar of Elyvilon.
  1326 | D:3      | Found a shimmering altar of Xom.
  1333 | D:3      | Found an iron altar of Okawaru.
  1367 | D:3      | Became a worshipper of Warmaster Okawaru
  1371 | D:3      | Noticed Terence
  1386 | D:3      | Killed Terence
  1387 | D:3      | Reached skill level 3 in Maces & Flails
  1387 | D:3      | Reached XP level 5. HP: 26/28 MP: 4/6
  1392 | D:3      | Reached skill level 1 in Invocations
  1429 | D:3      | Found a burning altar of Makhleb.
  1583 | D:3      | Found a snail-covered altar of Cheibriados.
  1673 | D:3      | Found a hazy altar of Hepliaklqana.
  1704 | D:3      | Found a sparkling altar of Nemelex Xobeh.
  1994 | D:4      | Reached skill level 2 in Invocations
  1994 | D:4      | Reached XP level 6. HP: 22/32 MP: 6/8
  2115 | D:4      | Reached * piety under Okawaru
  2116 | D:4      | Reached skill level 4 in Maces & Flails
  2225 | D:4      | Found Ulenaat's Book Shoppe.
  2238 | D:4      | Reached skill level 3 in Invocations
  2597 | D:5      | Entered Level 5 of the Dungeon
  2930 | D:5      | Reached XP level 7. HP: 15/36 MP: 10/10
  3062 | D:5      | Reached skill level 4 in Invocations
  3099 | D:5      | Found a glowing drain.
  3120 | Sewer    | Entered a sewer
  3129 | Sewer    | Reached skill level 5 in Maces & Flails
  3257 | Sewer    | Identified 2 potions of resistance
  3397 | Sewer    | Reached ** piety under Okawaru
  3398 | Sewer    | Reached skill level 5 in Invocations
  4101 | D:6      | Reached skill level 6 in Invocations
  4101 | D:6      | Gained mutation: You have razor-sharp teeth. [Vine Stalker
                  | growth]
  4101 | D:6      | Reached XP level 8. HP: 38/40 MP: 13/13
  4674 | D:6      | Reached skill level 7 in Invocations
  5113 | D:6      | Reached skill level 4 in Fighting
  5162 | D:6      | Identified the +2 ring mail of the Other Side {Dex+5}
  5217 | D:6      | Found a shadowy altar of Dithmenos.
  5435 | D:7      | Reached skill level 5 in Fighting
  5595 | D:7      | Reached skill level 6 in Fighting
  5595 | D:7      | Reached XP level 9. HP: 48/48 MP: 15/15
  5721 | D:7      | Found a flagged portal.
  5733 | Bailey   | Entered a bailey
  5812 | Bailey   | Reached *** piety under Okawaru
  5974 | Bailey   | Reached skill level 7 in Fighting
  6114 | Bailey   | Noticed an orc knight
  6170 | Bailey   | Killed an orc knight
  6171 | Bailey   | Reached skill level 6 in Maces & Flails
  6184 | Bailey   | Noticed an orc knight
  6198 | Bailey   | Reached skill level 8 in Fighting
  6213 | Bailey   | Noticed an orc warlord
  6222 | Bailey   | Killed an orc knight
  6222 | Bailey   | Reached **** piety under Okawaru
  6223 | Bailey   | Reached skill level 7 in Maces & Flails
  6223 | Bailey   | Reached XP level 10. HP: 50/56 MP: 16/16
  6242 | Bailey   | HP: 3/56 [orc warlord/+6 broad axe (6)]
  6295 | Bailey   | HP: 5/56 [orc warlord/+6 broad axe (14)]
  6299 | Bailey   | Mangled by an orc warlord

Vanquished Creatures
  2 orc knights (Bailey)
  7 orc warriors (Bailey)
  An ice beast (D:6)
  2 ogres
  2 centaurs
  A kobold brigand (D:6)
  A brain worm (Sewer)
  A bullfrog (D:7)
  2 scorpions (D:4)
  5 wights (D:7)
  2 howler monkeys (D:6)
  A lava snake (D:7)
  A gnoll bouda (D:6)
  4 hounds
  2 jellies
  A sleepcap (D:5)
  Terence (D:3)
  An iguana (D:6)
  An orc wizard (D:6)
  10 gnolls
  13 adders
  3 river rats (Sewer)
  A white imp (D:6)
  5 dart slugs
  6 ribbon worms
  19 orcs
  7 endoplasms
  8 giant cockroaches
  15 goblins
  12 hobgoblins
  2 jackals (Sewer)
  2 quokkas
  16 ball pythons
  12 bats
  4 frilled lizards
  6 kobolds
  2 rats
181 creatures vanquished.

Table legend: (Time is in decaauts)
 A = Elapsed time spent in this place.
 B = Non-inter-level travel time spent in this place.
 C = Inter-level travel time spent in this place.
 D = Time resting spent in this place.
 E = Time spent auto-exploring this place.
 F = Levels seen in this place.
 G = Mean time per level.
                   A        B        C        D        E       F      G
               +--------+--------+--------+--------+--------+-----+--------+
         Total |   6344 |   6125 |    219 |    498 |   4048 |   9 |  704.9 |
       Dungeon |   5030 |   4811 |    219 |    243 |   3580 |   7 |  718.6 |
         Sewer |    842 |    842 |      0 |      8 |    425 |   1 |  842.0 |
        Bailey |    471 |    471 |      0 |    247 |     42 |   1 |  471.0 |
               +--------+--------+--------+--------+--------+-----+--------+

Top non-repeatable levels by time:
     D:5: 1049 daAuts
     D:6: 1048 daAuts
   Sewer: 842 daAuts
     D:4: 810 daAuts
     D:2: 623 daAuts
     D:1: 608 daAuts
     D:3: 532 daAuts
  Bailey: 471 daAuts
     D:7: 357 daAuts

Table legend:
 A = Non-vault XP
 B = Vault XP
 C = Vault XP percentage of total XP
 D = Non-vault monster count
 E = Vault monster count
 F = Vault count percentage of total count
                 A         B        C        D         E       F
            +---------+---------+-------+---------+---------+-------
      Total |    2204 |    2612 |  54.2 |     110 |      71 |  39.2
            +---------+---------+-------+---------+---------+-------
        D:1 |      31 |       0 |   0.0 |      17 |       0 |   0.0
        D:2 |      74 |       0 |   0.0 |      14 |       0 |   0.0
        D:3 |      60 |      36 |  37.5 |      17 |       1 |   5.6
        D:4 |     340 |       4 |   1.2 |      27 |       2 |   6.9
        D:5 |     390 |       5 |   1.3 |       9 |       1 |  10.0
        D:6 |     770 |       0 |   0.0 |      18 |       0 |   0.0
        D:7 |     539 |       7 |   1.3 |       8 |       4 |  33.3
      Sewer |       0 |     222 | 100.0 |       0 |      33 | 100.0
     Bailey |       0 |    2338 | 100.0 |       0 |      30 | 100.0
            +---------+---------+-------+---------+---------+-------
